 Dungeon Crawl Stone Soup version 0.21-a0-286-g6fcecc0 (webtiles) character file.

2195 Ijustatesigmund the Basher (level 9, -1/66 HPs)
             Began as an Octopode Fighter on Sept 26, 2017.
             Was an Initiate of Okawaru.
             Slain by a wolf (7 damage)
             ... led by Grum
             ... on level 8 of the Dungeon.
             The game lasted 00:16:00 (9391 turns).

Ijustatesigmund the Basher (Octopode Fighter)       Turns: 9391, Time: 00:16:01

Health: -1/66      AC:  1    Str: 15    XL:     9   Next: 34%
Magic:  9/9        EV: 13    Int: 11    God:    Okawaru [......]
Gold:   472        SH: 10    Dex: 14    Spells: 8/8 levels left

rFire    + . .     SeeInvis .   a - +1 flail (crush)
rCold    . . .     Gourm    .   b - +1 shield
rNeg     . . .     Faith    .   (helmet restricted)
rPois    .         Spirit   .   (no amulet)
rElec    .         Reflect  .   e - ring of resist corrosion
rCorr    +         Harm     .   o - ring of protection from fire
MR       .....                  (no ring)
Stlth    ++........             (no ring)
HPRegen  0.21/turn              (no ring)
MPRegen  0.11/turn              (no ring)
                                (no ring)
                                (no ring)

@: very slightly contaminated
A: almost no armour, stealthy swim, amphibious, 8 rings, constrict 8, camouflage
1, blink, gelatinous body 1
a: Blink, Renounce Religion


You were on level 8 of the Dungeon.
You worshipped Okawaru.
Okawaru was noncommittal.
You were near starving.

You visited 2 branches of the dungeon, and saw 9 of its levels.

You collected 472 gold pieces.

Inventory:

Hand Weapons
 a - a +1 flail of crushing (weapon)
Missiles
 i - 12 tomahawks (quivered)
Armour
 b - a +1 shield (worn)
Jewellery
 e - a ring of resist corrosion (left tentacle)
 m - an uncursed ring of fire {unknown}
 o - a ring of protection from fire (right tentacle)
Wands
 n - a wand of scattershot (2/9)
 p - a wand of digging (18/24)
 q - a wand of flame (24/48)
Scrolls
 f - 3 scrolls of identify
 j - 4 scrolls of remove curse
Potions
 k - a potion of flight
Comestibles
 d - 6 bread rations
 l - 5 meat rations


   Skills:
 + Level 8.2 Fighting
 + Level 8.6 Maces & Flails
 - Level 4.1 Dodging
 - Level 4.3 Shields


You had 8 spell levels left.
You didn't know any spells.

Dungeon Overview and Level Annotations

Branches:
Dungeon (8/15)             Temple (1/1) D:7
   Lair: D:8-11

Altars:
Ashenzari
Cheibriados
Dithmenos
Elyvilon
Fedhas
Gozag
Hepliaklqana
Kikubaaqudgha
Makhleb
Nemelex Xobeh
Okawaru
Qazlal
Ru
Sif Muna
Trog
Uskayaw
Vehumet
Wu Jian
Xom
Yredelemnul
Zin
The Shining One

Annotations:
D:8 Grum


Innate Abilities, Weirdness & Mutations

You cannot wear most types of armour.
You are very stealthy in the water. (Stealth+)
You are amphibious.
You can wear up to eight rings at the same time.
You can use your tentacles to constrict eight enemies at once.
Your skin changes colour to match your surroundings (Stealth+).
Your rubbery body absorbs attacks. (AC +1, EV +1)
You can translocate small distances at will.


Message History

You are near starving!
You see here an adder corpse.
As you read the scroll of teleportation, it crumbles to dust.
You feel strangely unstable.
Your surroundings suddenly seem different.
You block the wolf's attack. The wolf closely misses you.
You block Grum's attack.
Found a sacrificial altar of Ru.
A bat, an adder, 3 wolves, a giant cockroach, an orc wizard and Grum come into view.
The orc wizard is wielding a dagger of speed.
Blink to where?
Press: ? - help, Dir - move target cursor
As you read the scroll of blinking, it crumbles to dust.
The wolf howls!
The adder hisses angrily.
The wolf howls!
The adder closely misses you.
You open the door. You block the adder's attack. The wolf bites you!
* * * LOW HITPOINT WARNING * * *
You block the adder's attack. The wolf bites you!
You die...

+#######+
####
#...#...#
....
#.b.#.s.#
#.......
###._.###
###.bgo...#
#.#hS.#...#
#.#hh.#...#
#.@#######+
#....#
######


You could see Grum, 3 wolves, an orc wizard (mute), an adder, a giant cockroach
(paralysed) and a bat.

Vanquished Creatures
  The ghost of nht the Ruffian, an amateur TrHu (D:4)
  Eustachio (D:5)
  A sky beast (D:7)
  A black bear (D:7)
  A necrophage (D:7)
  A phantom (D:5)
  4 centaurs
  A big kobold (D:8)
  3 bullfrogs
  A gnoll sergeant (D:6)
  3 wights
  A howler monkey (D:5)
  2 crimson imps (D:5)
  A hound (D:7)
  A gnoll shaman (D:3)
  A centaur skeleton (D:6)
  Terence (D:3)
  Ijyb (D:5)
  2 iguanas
  6 worker ants
  6 gnolls
  A howler monkey skeleton (D:5)
  9 adders
  An ooze (D:1)
  An adder skeleton (D:5)
  2 worms
  2 dart slugs (D:1)
  7 leopard geckos
  10 orcs
  5 giant cockroaches
  8 goblins
  7 hobgoblins
  16 jackals
  5 kobolds
  4 quokkas
  A ball python (D:3)
  8 bats
  2 frilled lizards (D:3)
  A leopard gecko skeleton (D:4)
  A quokka skeleton (D:4)
  6 rats
137 creatures vanquished.

Notes
Turn   | Place    | Note
-------+----------+-------------------------------------------
     0 | D:1      | Ijustatesigmund the Octopode Fighter began the quest for the Orb.
     0 | D:1      | Reached XP level 1. HP: 16/16 MP: 1/1
   174 | D:1      | Reached XP level 2. HP: 21/21 MP: 2/2
   415 | D:1      | Reached XP level 3. HP: 26/26 MP: 3/3
  1063 | D:2      | Reached XP level 4. HP: 32/32 MP: 4/4
  1621 | D:2      | Found a faded altar of an unknown god.
  1884 | D:3      | Reached XP level 5. HP: 33/37 MP: 5/5
  2213 | D:3      | Noticed Terence
  2774 | D:3      | Killed Terence
  2774 | D:3      | Reached skill level 5 in Maces & Flails
  2774 | D:3      | Reached XP level 6. HP: 38/44 MP: 6/6
  2993 | D:4      | Noticed nht's ghost (amateur TrHu)
  3039 | D:4      | Killed nht's ghost
  3039 | D:4      | Reached skill level 5 in Fighting
  3039 | D:4      | Reached XP level 7. HP: 25/50 MP: 7/7
  4141 | D:5      | Entered Level 5 of the Dungeon
  4158 | D:5      | Noticed Ijyb
  4167 | D:5      | Killed Ijyb
  4873 | D:5      | Noticed Eustachio
  4885 | D:5      | Killed Eustachio
  4885 | D:5      | Reached XP level 8. HP: 46/57 MP: 8/8
  7300 | D:7      | Found a staircase to the Ecumenical Temple.
  7333 | Temple   | Entered the Ecumenical Temple
  7365 | Temple   | Became a worshipper of Warmaster Okawaru
  8107 | D:7      | Reached XP level 9. HP: 26/64 MP: 9/9
  8127 | D:7      | Gained mutation: You can translocate small distances at will. [mutagenic meat]
  9388 | D:8      | Found a sacrificial altar of Ru.
  9389 | D:8      | Noticed Grum
  9391 | D:8      | Slain by a wolf

Vault maps used:
D:1:      minmay_arrival_semitransparent
D:2:      chequers_ecumenical_altar_simple_redux, grunt_ministairs_13,
          serial_bayou_pond_c, corexii_hall_statues_s
D:3:      uniq_terence
D:4:      first_bread, kennysheep_opposing_triangles
D:5:      serial_co_window_serial, co_window_paths_a,
          co_window_of_opportunity_a, co_window_paths_b, co_window_corner_a,
          co_window_corner_a, co_window_broadway_b, co_window_paths_c,
          co_window_of_opportunity_b, co_window_paths_c,
          co_window_of_opportunity_b, co_window_corner_b, co_window_broadway_c,
          glass_columns_a, glass_columns_b, glass_columns_b, glass_columns_b,
          glass_columns_a, uniq_ijyb, uniq_eustachio
D:6:      nrook_loot_triangle, minmay_misc_feat_nine_boxes
D:7:      minmay_temple_entry_hall
D:8:      nicolae_ru_great_annihilating_truth, uniq_grum
Temple:   nicolae_temple_the_god_donut

Skill      XL: |  1  2  3  4  5  6  7  8  9 |
---------------+----------------------------+-----
Maces & Flails | 3 4 5 6 7 8 |  8.6
Fighting       | 4 5 7 8 |  8.2
Shields        | 4 |  4.3
Dodging        | 4 |  4.1

Action                   |  1- 3 |  4- 6 |  7- 9 || total
-------------------------+-------+-------+-------++-------
Melee: Flail             |    53 |    96 |   187 ||   336
       Constrict         |    15 |    26 |    43 ||    84
       Tentacles         |     8 |    17 |    42 ||    67
Throw: Tomahawk          |       |     6 |     1 ||     7
Evoke: Wand              |       |       |     6 ||     6
  Use: Scroll            |       |    12 |    14 ||    26
       Potion            |       |     2 |     3 ||     5
 Stab: Sleeping          |     8 |     4 |     7 ||    19
  Eat: Chunk             |       |     4 |    10 ||    14
       Fruit             |       |     3 |     4 ||     7
       Royal jelly       |       |       |     3 ||     3
Armor: Skin              |     5 |     5 |     9 ||    19
Dodge: Dodged            |    21 |    42 |    92 ||   155
Block: Shield            |    12 |    35 |    90 ||   137

Table legend:
 A = Spawn XP
 B = Non-spawn XP
 C = Spawn XP percentage of total XP
 D = Spawn monster count
 E = Non-spawn monster count
 F = Spawn count percentage of total count
 G = Total turns spent on level
                    A         B        C        D         E        F      G
               +---------+---------+-------+---------+---------+-------+---------
         Total |       0 |    3136 |   0.0 |       0 |     137 |   0.0 |  9391
               +---------+---------+-------+---------+---------+-------+---------
           D:1 |       0 |      58 |   0.0 |       0 |      27 |   0.0 |   773
           D:2 |       0 |      64 |   0.0 |       0 |      15 |   0.0 |   929
           D:3 |       0 |     205 |   0.0 |       0 |      27 |   0.0 |  1136
           D:4 |       0 |     467 |   0.0 |       0 |      13 |   0.0 |  1303
           D:5 |       0 |     901 |   0.0 |       0 |      19 |   0.0 |  2593
           D:6 |       0 |     354 |   0.0 |       0 |      11 |   0.0 |   482
           D:7 |       0 |     871 |   0.0 |       0 |      17 |   0.0 |  1354
           D:8 |       0 |     216 |   0.0 |       0 |       8 |   0.0 |   160
               +---------+---------+-------+---------+---------+-------+---------
